 Dungeon Crawl Stone Soup version 0.29.1-1-gd02db6906a (webtiles) character file.

Game seed: 5146847679097027596

439980 swoooce the Shatterer (level 24, -17/158 (162) HPs)
             Began as a Gargoyle Fighter on Sept 24, 2022.
             Was an Elder of Okawaru.
             Killed from afar by an ancient lich (29 damage)
             ... with a bolt of acid
             ... on level 4 of the Vaults on Sept 25, 2022.
             The game lasted 04:54:00 (71136 turns).

swoooce the Shatterer (Gargoyle Fighter)           Turns: 71136, Time: 04:54:01

HP:   -17/158 (162) AC: 58    Str: 31    XL:     24   Next: 9%
MP:   35/35         EV: 10    Int:  9    God:    Okawaru [****..]
Gold: 3095          SH: 31    Dex: 21    Spells: 23/23 levels left

rFire   + + +      SeeInvis +   j - +2 morningstar "Spiderslayer" {vorpal, Will+ Dex+2}
rCold   + + .      Faith    .   H - +0 tower shield of Watchfulness {Int+3 Dex+3}
rNeg    + . .      Spirit   .   O - +4 gold dragon scales
rPois   ∞          Reflect  +   s - +0 helmet "Omiutai" {Dex+3}
rElec   +          Harm     .   L - scarf {rC+ rF+}
rCorr   .          Rampage  .   p - +2 pair of gloves
Will    ++++.                   D - +2 pair of boots "Lohousyn" {Will++ Str+3 Int-3 Stlth+}
Stlth   ..........              P - amulet of reflection
HPRegen 0.36/turn               v - ring of see invisible
MPRegen 0.24/turn               u - ring of protection from fire

@: mighty, heroic, flying, lightly drained, unable to read
A: sickness immunity, AC +18, big wings, negative energy resistance 1,
electricity resistance, torment resistance 1, petrification resistance,
screaming 1, inability to read after injury 1
}: 2/15 runes: decaying, serpentine
a: Renounce Religion, Heroism, Finesse


You were on level 4 of the Vaults.
You worshipped Okawaru.
Okawaru was greatly pleased with you.
You visited 8 branches of the dungeon, and saw 40 of its levels.
You also visited: Bailey and Gauntlet.

You collected 6097 gold pieces.
You spent 3002 gold pieces at shops.

Inventory:

Hand Weapons
 j - the +2 morningstar "Spiderslayer" (weapon) {vorpal, Will+ Dex+2}
   (Okawaru gifted it to you on level 1 of the Snake Pit)

   It inflicts extra damage upon your enemies.
   Dex:       It affects your dexterity (+2).
   Will:      It increases your willpower.
 J - a +9 demon whip of flaming
Armour
 p - a +2 pair of gloves (worn)
 s - the +0 helmet "Omiutai" (worn) {Dex+3}
   (Okawaru gifted it to you on level 13 of the Dungeon)

   Dex:       It affects your dexterity (+3).
 D - the +2 pair of boots "Lohousyn" (worn) {Will++ Str+3 Int-3 Stlth+}
   (You bought it in a shop on level 2 of the Snake Pit)

   Str:       It affects your strength (+3).
   Int:       It affects your intelligence (-3).
   Will:      It greatly increases your willpower.
   Stlth:     It makes you more stealthy.
 H - the +0 tower shield of Watchfulness (worn) {Int+3 Dex+3}
   (Okawaru gifted it to you on level 3 of the Vaults)

   Int:       It affects your intelligence (+3).
   Dex:       It affects your dexterity (+3).
 L - a scarf of resistance (worn)
 O - +4 gold dragon scales (worn)
Jewellery
 u - a ring of protection from fire (right hand)
 v - a ring of see invisible (left hand)
 B - a ring of protection from fire
 K - an amulet of guardian spirit
 P - an amulet of reflection (around neck)
 R - a ring of protection from cold
 X - a +4 ring of slaying
Wands
 a - a wand of flame (68)
 c - a wand of polymorph (9)
 f - a wand of light (3)
 r - a wand of roots (21)
 A - a wand of digging (8)
Scrolls
 e - 5 scrolls of magic mapping
 g - 8 scrolls of teleportation
 k - 9 scrolls of poison
 n - 3 scrolls of brand weapon
 q - 4 scrolls of fear
 C - 4 scrolls of enchant weapon
 Q - 3 scrolls of silence
 W - 5 scrolls of amnesia
 Y - 28 scrolls of identify
Potions
 b - 2 potions of cancellation
 d - 2 potions of brilliance
 h - 8 potions of magic
 m - 2 potions of invisibility
 o - 23 potions of curing
 t - 11 potions of lignification
 x - 4 potions of haste
 I - a potion of might
 N - 3 potions of berserk rage
Miscellaneous
 i - a condenser vane (inert)
 U - a condenser vane (inert)
 V - a lightning rod (3/4)


   Skills:
 + Level 19.7(24.7) Fighting
 * Level 24.9(27) Maces & Flails
 + Level 19.8(24.8) Armour
 + Level 19.8(24.8) Shields
 + Level 17.9 Invocations


You had 23 spell levels left.
You didn't know any spells.
Your spell library contained the following spells:

 Spells                   Type           Power      Damage    Failure   Level
 Sandblast                Erth           0%         2d4       97%         1
 Ensorcelled Hibernation  Hex/Ice        0%         N/A       99%         2
 Passwall                 Tmut/Erth      0%         N/A       99%         2
 Wereblood                Tmut           0%         N/A       99%         2
 Gell's Gravitas          Tloc           0%         N/A       100%        3
 Lesser Beckoning         Tloc           0%         N/A       100%        3
 Portal Projectile        Hex/Tloc       0%         N/A       100%        3
 Spider Form              Tmut/Pois      0%         N/A       100%        3
 Stone Arrow              Conj/Erth      0%         3d7       100%        3
 Teleport Other           Tloc           0%         N/A       100%        3
 Anguish                  Hex/Necr       0%         N/A       100%        4
 Petrify                  Tmut/Erth      0%         N/A       100%        4
 Blade Hands              Tmut           0%         N/A       100%        5
 Fireball                 Conj/Fire      0%         3d3       100%        5
 Irradiate                Conj/Tmut      0%         3d11      100%        5
 Iskenderun's Battlesphe  Conj           0%         2d6       100%        5
 Lee's Rapid Deconstruct  Erth           0%         3d5*      100%        5
 Metabolic Englaciation   Hex/Ice        0%         N/A       100%        5
 Conjure Ball Lightning   Conj/Air       0%         3x3d6     100%        6
 Dispersal                Tloc           0%         N/A       100%        6
 Iron Shot                Conj/Erth      0%         9d1       100%        6
 Dragon Form              Tmut           0%         N/A       100%        7
 Orb of Destruction       Conj           0%         9d5       100%        7
 Disjunction              Tloc           0%         N/A       100%        8
 Sublimation of Blood     Necr           Unusable   N/A       N/A         2
 Tukima's Dance           Hex            Unusable   N/A       N/A         3
 Animate Armour           Summ/Erth      Unusable   N/A       N/A         4
 Statue Form              Tmut/Erth      Unusable   N/A       N/A         6
 Summon Hydra             Summ           Unusable   N/A       N/A         7

Dungeon Overview and Level Annotations

Branches:
Dungeon (15/15)            Temple (1/1) D:6            Lair (5/5) D:9
  Swamp (4/4) Lair:3        Snake (4/4) Lair:3        Slime (0/5) Lair:4
    Orc (2/2) D:12            Elf (0/3) Orc:2        Vaults (5/5) D:14
  Crypt (0/3) Vaults:2     Depths (4/4) D:15            Zot (0/5) Depths:4
 Bailey (visited)         Gauntlet (visited)

Altars:
Ashenzari
Cheibriados
Dithmenos
Elyvilon
Fedhas
Gozag
Hepliaklqana
Kikubaaqudgha
Makhleb
Nemelex Xobeh
Okawaru
Qazlal
Ru
Sif Muna
Trog
Uskayaw
Vehumet
Wu Jian
Xom
Yredelemnul
Zin
The Shining One
Jiyva

Shops:
D:8 :   D:9 **   Orc:2 :=[(*   Snake:2 [!   Vaults:4 :   Depths:1 !*

Portals:
Hell: Depths:1 Depths:2 Depths:3 Depths:4
Abyss: Depths:1 Depths:3
Pandemonium: Depths:1 Depths:2
Ziggurat: Depths:3

Annotations:
D:5 1 runed translucent door, turdburglar's ghost, novice TrTm
D:15 Roxanne
Depths:1 1 runed translucent door, exclusion: orange crystal statue, turdburglar's ghost, adept MiGl
Depths:3 exclusion: ice statue


Innate Abilities, Weirdness & Mutations

You are immune to sickness and miasma.
Your stone body is resilient. (AC +18)
You are immune to poison.
Your large and strong wings let you fly.
You resist negative energy. (rN+)
You are resistant to electric shocks. (rElec)
You are resistant to unholy torment.
You are immune to petrification.
You occasionally shout uncontrollably at your foes.
You occasionally lose the ability to read scrolls when taking damage.


Message History

The ancient lich is moderately damaged.
You block the ancient lich's attack.
You hit the ancient lich.
The ancient lich is moderately damaged.
The ancient lich casts a spell.
The ancient lich flickers and vanishes!
You're wearing all the rings you can.
Remove which one? (? for menu, Esc to cancel) < or
X - a +4 ring of slaying; > or
u - a ring of protection from fire You remove your +4 ring of slaying.
Something touches you but does no damage.
Reactivating autopickup.
v - a ring of see invisible (left hand)
You block the ancient lich's attack.
You impale the ancient lich!!
The ancient lich is severely damaged.
You block the ancient lich's attack.
You impale the ancient lich!!
The ancient lich is almost destroyed.
You block the ancient lich's attack.
You barely miss the ancient lich.
The ancient lich is almost destroyed.
The ancient lich touches you but does no damage.
You closely miss the ancient lich.
The ancient lich is almost destroyed.
The ancient lich casts a spell at you. The crystal spear hits you!!!
* * * LOW HITPOINT WARNING * * *
You closely miss the ancient lich.
The ancient lich is almost destroyed.
You block the ancient lich's attack.
You cannot read scrolls in your current state!
Aiming: Thunderbolt
Press: ? - help, Q - select action, (/) - cycle Shift-Dir - straight line, f/p - ancient lich
Aim: an ancient lich (almost destroyed, fast, slightly transparent)
The thunderbolt hits the ancient lich.
The ancient lich resists.
The ancient lich is almost destroyed.
The ancient lich gestures at you while chanting.
The bolt of acid hits you!!
You die...

.#......#..##...#.....#.....#....
...[)......##...#.....#.....#....
'###)##'#####...#.....#.....#....
...(............####..#.....#####
................#.....#..........
................#..#..#..........
................#.....#.........#
...............L#######[.......##
................@......[......##.
......................[).....##..
............########.........###.
##..........#......#.........##..
.#..........#......#...[.....#...
.#..........#......#...[.[...##..
.#..........#......#.........###.
.'..........#......'.........##..
.#..........#......#..........##.


You could see an ancient lich (fast, invisible).

Vanquished Creatures
  A dread lich (Vaults:3)
  Mara (Swamp:2)
  A juggernaut (Depths:3)
  Margery (Vaults:4)
  Nikola (Vaults:2)
  7 golden dragons
  A caustic shrike (Depths:1)
  3 bone dragons (Depths:2)
  A Tzitzimitl (Depths:3)
  A tentacled monstrosity (Depths:3)
  3 doom hounds (Depths:3)
  A walking earthen tome (Depths:3)
  3 liches
  Grunn (Depths:3)
  A quicksilver dragon (Depths:3)
  6 sphinxes
  3 tengu reavers
  Agnes (D:15)
  Donald (Vaults:2)
  2 thorn hunters
  A shadow dragon (shapeshifter) (Vaults:2)
  A draconian monk (Depths:4)
  5 shadow dragons
  5 storm dragons
  A fenstrider witch (Swamp:4)
  4 frost giants
  2 nagarajas (Snake:4)
  8 fire giants
  17 vault wardens
  An orc warlord (Orc:1)
  Aizul (Snake:3)
  A ghost moth (shapeshifter) (Depths:1)
  2 iron dragons
  Louise (D:15)
  A balrug (Depths:3)
  2 war gargoyles
  21 ironbound preservers
  24 very ugly things
  3 reapers (Depths:3)
  A draconian annihilator (Depths:4)
  3 vampire knights
  A deep elf demonologist (Depths:2)
  A green draconian (Depths:4)
  3 putrid mouths
  17 stone giants
  5 eleionomae (Swamp:1)
  A white draconian (Depths:4)
  5 ironbound thunderhulks
  2 black draconians (Depths:4)
  9 bunyips
  3 yellow draconians (Depths:4)
  2 spark wasps
  5 dire elephants
  3 entropy weavers
  Snorg (Lair:5)
  A blizzard demon (Depths:3)
  19 ettins
  2 green deaths (Swamp:4)
  3 jiangshi (D:15)
  A crystal guardian (Vaults:4)
  A deep elf death mage (Vaults:2)
  A shambling mangrove (Swamp:2)
  Josephine (Snake:1)
  A merfolk impaler (Depths:1)
  4 fire dragons
  6 deep elf high priests
  4 great orbs of eyes
  5 boulder beetles
  3 rakshasas
  4 ice dragons
  8 yaktaur captains
  34 vault guards
  An ogre mage (D:15)
  3 hell beasts
  3 ghost crabs
  3 peacekeepers
  2 salamander tyrants
  2 catoblepae
  3 spriggan air magi
  16 hydras
  10 anacondas
  18 naga warriors
  5 ironbound frosthearts
  19 centaur warriors
  6 death yaks (Lair:1)
  8 alligators
  17 tengu warriors
  6 two-headed ogres
  A death yak (shapeshifter) (Depths:1)
  3 hell hogs (Depths:3)
  3 deep troll shamans
  5 deep troll earth magi
  A vampire mage (D:15)
  16 naga sharpshooters
  A thrashing horror (Swamp:4)
  2 orc high priests
  10 spriggan berserkers
  A shock serpent (shapeshifter) (Vaults:2)
  Urug (Orc:1)
  10 shock serpents
  3 sun demons (Depths:3)
  4 soul eaters
  14 hell knights
  A titan skeleton (Vaults:2)
  5 goliath frogs
  A sixfirhy (Depths:2)
  7 iron trolls
  3 skeletal warriors
  A shadow wraith (Depths:3)
  6 spriggan druids
  A shadow demon (Depths:2)
  4 flayed ghosts
  A golden dragon zombie (Vaults:3)
  54 deep trolls
  5 bog bodies
  A quicksilver dragon simulacrum (Depths:3)
  3 goliath frogs (shapeshifter)
  4 salamander mystics
  10 glowing orange brains
  3 naga ritualists
  A steelbarb worm (D:12)
  12 swamp dragons
  Pikel (D:6)
  11 wizards
  5 harpies
  6 orc knights
  19 ironbound convokers
  9 lindwurms
  6 necromancers
  11 mana vipers
  4 phantasmal warriors
  A frost giant zombie (Vaults:3)
  A tengu skeleton (Vaults:3)
  2 orc sorcerers (Orc:1)
  53 ugly things
  A cyclops (D:13)
  7 will-o-the-wisps
  A manticore (D:13)
  2 wolf spiders (Lair:5)
  14 salamanders
  17 naga magi
  42 black mambas
  A stone giant skeleton (Vaults:2)
  11 vault sentinels
  4 human skeletons
  6 guardian serpents
  3 orange demons (Swamp:4)
  2 gargoyles
  13 cane toads
  4 rime drakes
  A kobold demonologist (Depths:1)
  42 yaktaurs
  2 tormentors
  7 komodo dragons
  3 unseen horrors
  5 ice devils
  5 tengu conjurers
  A freezing wraith (Vaults:2)
  7 tyrant leeches
  3 meliai (D:15)
  9 trolls
  Grinder (D:4)
  2 polar bears
  14 hornets
  A blink frog (shapeshifter) (Vaults:2)
  20 slime creatures
  7 dream sheep (Lair:5)
  36 blink frogs
  3 shadows
  2 water elementals
  8 spriggans
  2 elf zombies
  3 basilisks
  33 yaks
  A culicivora (Vaults:2)
  A vampire (Bailey)
  9 wraiths
  16 humans (D:13)
  11 wyverns
  11 vampire mosquitoes
  A chaos spawn (Depths:2)
  A neqoxec (Depths:2)
  A human simulacrum (Vaults:3)
  3 steam dragons
  5 wargs
  Edmund (D:6)
  49 nagas
  3 acid dragons
  3 redbacks (Lair:5)
  18 swamp worms
  19 water moccasins
  3 floating eyes
  A large abomination (Swamp:4)
  4 ettin simulacra
  25 orc warriors
  3 swamp drakes (Lair:5)
  A meliai simulacrum (D:15)
  2 sky beasts
  4 wolves (Lair:1)
  9 ogres
  7 centaurs
  5 kobold brigands
  9 bullfrogs
  4 necrophages
  2 gnoll sergeants
  5 scorpions
  4 wights (D:8)
  14 killer bees
  8 vampire bats (Bailey)
  6 howler monkeys
  5 wolf zombies (Bailey)
  A jelly (shapeshifter) (Vaults:2)
  3 jellies
  19 orc priests
  9 iguanas
  13 orc wizards
  2 polar bear simulacra (D:14)
  3 yak simulacra (D:14)
  3 wolf simulacra (D:14)
  7 adders
  13 gnolls
  A shadow imp (D:5)
  A white imp (D:6)
  6 dart slugs
  100 orcs
  8 endoplasms
  3 giant cockroaches
  5 hobgoblins
  4 jackals (D:4)
  5 quokkas
  4 ball pythons
  6 bats
  7 frilled lizards
  9 goblins
  24 kobolds
  23 orc zombies (Bailey)
  6 rats
  3 river rat simulacra (D:14)
  A butterfly (Lair:4)
1658 creatures vanquished.

Vanquished Creatures (others)
  A deep troll (Vaults:2)
  A quicksilver dragon simulacrum (Depths:3)
  A necromancer (D:14)
  2 bloated husks
  A swamp worm (Swamp:3)
  An ettin simulacrum (Depths:3)
  An orc wizard (Orc:1)
  3 briar patches (Swamp:2)
  A bush (Lair:5)
  58 foxfires
  96 fungi
  104 plants
270 creatures vanquished.

Grand Total: 1928 creatures vanquished

Notes
Turn   | Place    | Note
-------+----------+-------------------------------------------
     0 | D:1      | swoooce the Gargoyle Fighter began the quest for the Orb.
     0 | D:1      | Reached XP level 1. HP: 14/14 MP: 1/1
   557 | D:1      | Reached XP level 2. HP: 19/19 MP: 2/2
  1167 | D:2      | Found a faded altar of an unknown god.
  1178 | D:2      | Reached XP level 3. HP: 21/23 MP: 3/3
  1578 | D:2      | Identified the +2 robe "Poocvem" {rN+ Str+4 Dex-2}
  1711 | D:2      | Reached skill level 3 in Maces & Flails
  1956 | D:2      | Reached XP level 4. HP: 29/29 MP: 4/4
  3223 | D:4      | Reached XP level 5. HP: 26/33 MP: 5/5
  3370 | D:4      | Noticed a centaur
  3381 | D:4      | Killed a centaur
  3382 | D:4      | Reached skill level 4 in Maces & Flails
  3559 | D:4      | Reached XP level 6. HP: 36/39 MP: 6/6
  3616 | D:4      | Found an ancient bone altar of Kikubaaqudgha.
  3822 | D:4      | Noticed Grinder
  3831 | D:4      | Paralysed by Grinder for 3 turns
  3836 | D:4      | Paralysed by Grinder for 2 turns
  3863 | D:4      | Paralysed by Grinder for 4 turns
  3870 | D:4      | Paralysed by Grinder for 3 turns
  3875 | D:4      | Killed Grinder
  3876 | D:4      | Reached skill level 5 in Maces & Flails
  3876 | D:4      | Reached XP level 7. HP: 19/44 MP: 7/7
  4276 | D:5      | Entered Level 5 of the Dungeon
  4410 | D:5      | Reached skill level 5 in Fighting
  4410 | D:5      | Reached skill level 5 in Armour
  4410 | D:5      | Reached skill level 5 in Shields
  4514 | D:5      | Found a runed translucent door.
  4515 | D:5      | Noticed turdburglar's ghost (novice TrTm)
  4625 | D:5      | Found a hide-covered altar of Uskayaw.
  4645 | D:5      | Reached XP level 8. HP: 29/49 MP: 8/8
  4826 | D:5      | Reached skill level 6 in Maces & Flails
  4854 | D:5      | Found a bloodstained altar of Trog.
  5131 | D:5      | Found a snail-covered altar of Cheibriados.
  5342 | D:6      | Noticed Pikel
  5379 | D:6      | Killed Pikel
  5380 | D:6      | Reached skill level 7 in Maces & Flails
  5474 | D:6      | Found a staircase to the Ecumenical Temple.
  5483 | Temple   | Entered the Ecumenical Temple
  5636 | Temple   | Became a worshipper of Warmaster Okawaru
  5871 | D:6      | Reached XP level 9. HP: 56/56 MP: 9/9
  6026 | D:6      | Found a basalt altar of Yredelemnul.
  6120 | D:6      | Noticed Edmund
  6132 | D:6      | Killed Edmund
  6422 | D:7      | Found a radiant altar of Vehumet.
  6496 | D:7      | Reached * piety under Okawaru
  6526 | D:7      | Reached skill level 8 in Maces & Flails
  7354 | D:7      | Reached ** piety under Okawaru
  7766 | D:8      | Reached skill level 9 in Maces & Flails
  7892 | D:8      | Reached XP level 10. HP: 61/63 MP: 10/10
  7898 | D:8      | Found a flagged portal.
  8059 | Bailey   | Entered a bailey
  8372 | Bailey   | Noticed a gargoyle
  8400 | Bailey   | Reached *** piety under Okawaru
  8817 | Bailey   | Identified the +1 helmet of Makhleb's Inspiration {+Inv}
  8879 | Bailey   | Killed a gargoyle
  9175 | D:8      | Found a glowing silver altar of Zin.
  9478 | D:8      | Found Umelliti's Book Boutique.
  9633 | D:8      | Found a shadowy altar of Dithmenos.
 10053 | D:9      | Identified the +9 short sword of Deformation {vorpal, rElec
                  | rC+ rCorr Int-4}
 10099 | D:9      | Reached skill level 1 in Invocations
 10102 | D:9      | Reached skill level 10 in Maces & Flails
 10544 | D:9      | Reached **** piety under Okawaru
 10722 | D:9      | Found a staircase to the Lair.
 10781 | D:9      | Found Dikhur's General Store.
 10783 | D:9      | Found Ligiqet's Specific Store.
 10883 | D:10     | Entered Level 10 of the Dungeon
 11105 | D:9      | Reached XP level 11. HP: 20/69 MP: 6/12
 11967 | D:10     | Received a gift from Okawaru
 11981 | D:10     | Reached skill level 11 in Maces & Flails
 13048 | D:11     | Noticed an eight-headed hydra
 13064 | D:11     | Killed an eight-headed hydra
 13422 | D:12     | Noticed Nergalle
 13481 | D:12     | Found a gate leading to a gauntlet.
 13488 | Gauntlet | Entered a Gauntlet
 13488 | Gauntlet | Noticed a large abomination
 13488 | Gauntlet | Noticed a large abomination
 13488 | Gauntlet | Found a transporter.
 13495 | Gauntlet | Noticed a green death
 13497 | Gauntlet | Found a transporter.
 13513 | Gauntlet | Found a transporter.
 13517 | Gauntlet | Found a transporter.
 13537 | Gauntlet | Found a transporter.
 13547 | Gauntlet | Noticed a catoblepas
 13550 | Gauntlet | Found a transporter.
 13551 | Gauntlet | Found a runed translucent door.
 13555 | Gauntlet | Found a transporter.
 13559 | Gauntlet | Found a transporter.
 13563 | Gauntlet | Found a runed translucent door.
 13578 | Gauntlet | Found a large runed translucent door.
 13579 | Gauntlet | Found a large runed translucent door.
 13580 | Gauntlet | Found a large runed translucent door.
 13581 | Gauntlet | Found a runed translucent gate.
 13582 | Gauntlet | Found a transporter.
 13582 | Gauntlet | Found a runed translucent gate.
 13583 | Gauntlet | Found a runed translucent gate.
 13585 | Gauntlet | Found a large runed translucent door.
 13585 | Gauntlet | Noticed a moth of wrath
 13586 | Gauntlet | Found a large runed translucent door.
 13596 | Gauntlet | Found a large runed translucent door.
 13597 | Gauntlet | Found a large runed translucent door.
 13598 | Gauntlet | Found a large runed translucent door.
 13598 | Gauntlet | Found a large runed translucent door.
 13598 | Gauntlet | Found a runed translucent door.
 13598 | Gauntlet | Found a runed translucent door.
 13599 | Gauntlet | Found a large runed translucent door.
 13600 | Gauntlet | Found a large runed translucent door.
 13602 | Gauntlet | Found a transporter.
 13606 | Gauntlet | Found a transporter.
 13614 | Gauntlet | Found a transporter.
 13620 | Gauntlet | Noticed a large abomination
 13637 | Gauntlet | Found a large runed translucent door.
 13638 | Gauntlet | Found a large runed translucent door.
 13639 | Gauntlet | Found a large runed translucent door.
 13639 | Gauntlet | Found a large runed translucent door.
 13640 | Gauntlet | Found a large runed translucent door.
 13788 | D:12     | Found a staircase to the Orcish Mines.
 13961 | D:12     | Noticed a two-headed ogre
 13977 | D:12     | Killed a two-headed ogre
 13977 | D:12     | Reached ***** piety under Okawaru
 14996 | D:12     | Received a gift from Okawaru
 15037 | D:12     | Reached skill level 5 in Invocations
 15083 | D:12     | Noticed a boulder beetle
 15109 | D:12     | Killed a boulder beetle
 15110 | D:12     | Reached XP level 12. HP: 32/77 MP: 8/15
 15665 | D:12     | Noticed Nergalle
 15665 | D:12     | Nergalle changed into Nergalle the steelbarb worm
 15687 | D:12     | Killed Nergalle the steelbarb worm
 15688 | D:12     | Reached skill level 12 in Maces & Flails
 16293 | D:13     | Noticed a tengu warrior
 16498 | D:13     | Noticed a radroach
 16548 | D:13     | Killed a tengu warrior
 16549 | D:13     | Reached skill level 10 in Fighting
 16549 | D:13     | Reached skill level 10 in Armour
 16549 | D:13     | Reached skill level 10 in Shields
 16919 | D:13     | Noticed a catoblepas
 16946 | D:13     | Killed a catoblepas
 17114 | D:13     | Noticed a seven-headed hydra
 17132 | D:13     | Killed a seven-headed hydra
 17592 | D:13     | Noticed a centaur warrior
 17603 | D:13     | Killed a centaur warrior
 17744 | D:13     | Identified the +0 helmet "Omiutai" {Dex+3} (Okawaru gifted
                  | it to you on level 13 of the Dungeon)
 17744 | D:13     | Received a gift from Okawaru
 17966 | D:13     | Noticed a centaur warrior
 17985 | D:13     | Killed a centaur warrior
 18236 | D:14     | Noticed a two-headed ogre
 18236 | D:14     | Noticed a centaur warrior
 18236 | D:14     | Noticed a seven-headed hydra
 18236 | D:14     | Found a gate to the Vaults.
 18345 | Lair:1   | Entered Level 1 of the Lair of Beasts
 18345 | Lair:1   | Noticed a boulder beetle
 18367 | Lair:1   | Killed a boulder beetle
 18368 | Lair:1   | Reached skill level 13 in Maces & Flails
 18910 | Lair:1   | Noticed a six-headed hydra
 18938 | Lair:1   | Killed a six-headed hydra
 18939 | Lair:1   | Reached XP level 13. HP: 32/83 MP: 16/18
 20012 | Lair:2   | You fall into a shaft and drop 1 floor!
 21227 | Lair:2   | Noticed Sonja
 21332 | Lair:1   | Reached skill level 14 in Maces & Flails
 21801 | Lair:2   | Sonja changed into something unseen
 22171 | Lair:2   | Identified the +8 long sword "Hydraslayer" {drain, rC+
                  | Int+4}
 22652 | Lair:2   | Killed Sonja the unseen horror
 23257 | Lair:3   | Identified the +1 scale mail of Okawaru's Displeasure {rC+
                  | Str+9} (Okawaru gifted it to you on level 3 of the Lair of
                  | Beasts)
 23257 | Lair:3   | Received a gift from Okawaru
 23500 | Lair:3   | Found a staircase to the Snake Pit.
 23802 | Lair:3   | Gained mutation: Your large and strong wings let you fly.
                  | [Gargoyle growth]
 23802 | Lair:3   | Reached XP level 14. HP: 76/90 MP: 12/20
 23940 | Lair:3   | Found a staircase to the Swamp.
 25014 | Lair:4   | Found a viscous altar of Jiyva.
 25014 | Lair:4   | Found a staircase to the Slime Pits.
 25425 | Lair:5   | Entered Level 5 of the Lair of Beasts
 26242 | Lair:5   | Reached skill level 15 in Maces & Flails
 26309 | Lair:5   | Found a shadowy altar of Dithmenos.
 27112 | Lair:5   | Reached ****** piety under Okawaru
 27612 | Lair:5   | Identified the +0 buckler "Assafonn" {Contam Fly rElec
                  | Regen+} (Okawaru gifted it to you on level 5 of the Lair of
                  | Beasts)
 27612 | Lair:5   | Received a gift from Okawaru
 27782 | Lair:5   | Noticed Snorg
 27801 | Lair:5   | Killed Snorg
 28562 | Orc:1    | Entered Level 1 of the Orcish Mines
 29217 | Orc:2    | Entered Level 2 of the Orcish Mines
 29604 | Orc:2    | Found Ymudoupt's Jewellery Shoppe.
 29618 | Orc:2    | Noticed Urug
 29726 | Orc:1    | Killed Urug
 29750 | Orc:1    | Paralysed by an orc sorcerer for 4 turns
 29821 | Orc:1    | Reached XP level 15. HP: 83/97 MP: 22/22
 30593 | Orc:2    | Found Pueh's Book Shop.
 30686 | Orc:2    | Found Luficeuth's Antique Weapon Shoppe.
 30699 | Orc:2    | Reached skill level 10 in Invocations
 30726 | Orc:2    | Noticed an orc warlord
 31058 | Orc:1    | Killed an orc warlord
 31063 | Orc:1    | Reached skill level 16 in Maces & Flails
 31291 | Orc:2    | Found Omaul's Antique Armour Emporium.
 31305 | Orc:2    | Bought a pair of boots for 130 gold pieces
 31527 | Orc:2    | Found Loas's General Store.
 31838 | Orc:2    | Bought a scroll of teleportation for 39 gold pieces
 31854 | Orc:2    | Found a staircase to the Elven Halls.
 32495 | Orc:1    | You are sucked into a shaft and drop 1 floor!
 32772 | Snake:1  | Entered Level 1 of the Snake Pit
 33290 | Snake:1  | Identified the +2 morningstar "Spiderslayer" {vorpal, Will+
                  | Dex+2} (Okawaru gifted it to you on level 1 of the Snake
                  | Pit)
 33290 | Snake:1  | Received a gift from Okawaru
 33627 | Snake:1  | Noticed Josephine
 33647 | Snake:1  | Killed Josephine
 33662 | Snake:1  | Identified the +9 war axe "Zuhuecue" {vorpal, rElec rCorr
                  | Dex+4}
 34564 | Snake:1  | Gained mutation: You occasionally shout uncontrollably at
                  | your foes. [mutagenic glow]
 34845 | Snake:2  | Found Nasadu's Distillery.
 34845 | Snake:2  | Found Oxzi's Armour Shoppe.
 34883 | Snake:2  | Identified the +5 flail of World's End {vorpal, rPois rF+
                  | Will+ Int+4} (Okawaru gifted it to you on level 2 of the
                  | Snake Pit)
 34883 | Snake:2  | Received a gift from Okawaru
 34903 | Snake:2  | Bought a potion of curing for 36 gold pieces
 34903 | Snake:2  | Bought a potion of lignification for 36 gold pieces
 34903 | Snake:2  | Bought 2 potions of haste for 240 gold pieces
 34903 | Snake:2  | Bought a potion of brilliance for 48 gold pieces
 34903 | Snake:2  | Bought a potion of heal wounds for 60 gold pieces
 34903 | Snake:2  | Bought a potion of brilliance for 48 gold pieces
 34903 | Snake:2  | Bought a potion of might for 48 gold pieces
 34909 | Snake:2  | Bought the +2 pair of boots "Lohousyn" {Will++ Str+3 Int-3
                  | Stlth+} for 421 gold pieces
 34909 | Snake:2  | Bought +0 fire dragon scales for 660 gold pieces
 34909 | Snake:2  | Bought a +1 plate armour of fire resistance for 385 gold
                  | pieces
 35189 | Snake:2  | Reached XP level 16. HP: 90/104 MP: 17/24
 35214 | Snake:2  | Reached skill level 17 in Maces & Flails
 36974 | Snake:3  | Identified the +1 robe "Amiq" {Archmagi}
 37161 | Snake:3  | Noticed Aizul
 37169 | Snake:3  | Identified the +0 scale mail of Jocsisath {Int-3 Dex+7}
                  | (Okawaru gifted it to you on level 3 of the Snake Pit)
 37169 | Snake:3  | Received a gift from Okawaru
 37189 | Snake:3  | Killed Aizul
 37824 | Snake:4  | Entered Level 4 of the Snake Pit
 39609 | Snake:4  | Reached skill level 18 in Maces & Flails
 39855 | Snake:4  | Noticed a nagaraja
 39861 | Snake:4  | Killed a nagaraja
 39944 | Snake:4  | Received a gift from Okawaru
 39949 | Snake:4  | Reached XP level 17. HP: 97/112 MP: 25/25
 41064 | Snake:4  | Got a serpentine rune of Zot
 41958 | Swamp:1  | Entered Level 1 of the Swamp
 44276 | Swamp:1  | Identified the +0 leather armour "Louwerub" {Rampage rPois
                  | rC- Regen+}
 45102 | Swamp:1  | Reached skill level 15 in Armour
 45121 | Swamp:1  | Reached skill level 15 in Shields
 45420 | Swamp:1  | Reached skill level 15 in Fighting
 46275 | Swamp:2  | Reached skill level 19 in Maces & Flails
 46446 | Swamp:3  | Noticed Mara
 46468 | Swamp:3  | Noticed swoooce's illusion
 46718 | Swamp:3  | Noticed swoooce's illusion
 46995 | Swamp:2  | Noticed swoooce's illusion
 47000 | Swamp:2  | Killed Mara
 47479 | Swamp:3  | Reached XP level 18. HP: 119/119 MP: 27/27
 47558 | Arena    | Entered the Arena
 48616 | Swamp:4  | Entered Level 4 of the Swamp
 49451 | Swamp:4  | Identified a scroll of acquirement
 49540 | Swamp:4  | Acquired the +0 cloak "Toros" {rN+ Will- Regen+}
 50380 | Swamp:4  | Identified the +6 demon whip "Newt's Nightmare" {flame,
                  | rF+++ rN+++ Will- Str-5} (Okawaru gifted it to you on level
                  | 4 of the Swamp)
 50380 | Swamp:4  | Received a gift from Okawaru
 50430 | Swamp:4  | Got a decaying rune of Zot
 50830 | Arena    | Entered the Arena
 51649 | D:15     | Entered Level 15 of the Dungeon
 52260 | D:15     | Noticed Agnes
 52275 | D:15     | Killed Agnes
 52338 | D:15     | Reached skill level 20 in Maces & Flails
 52353 | D:15     | Identified the +8 mace "Uzuxicso" {drain, Fragile rPois rF+
                  | rN+} (Okawaru gifted it to you on level 15 of the Dungeon)
 52353 | D:15     | Received a gift from Okawaru
 52502 | D:15     | Identified Roxanne's Lectures on Changing
 52502 | D:15     | Noticed Roxanne
 52593 | D:15     | Found a staircase to the Depths.
 52680 | D:15     | Noticed Louise
 52705 | D:15     | Killed Louise
 53147 | Depths:1 | Entered Level 1 of the Depths
 53391 | Depths:1 | Paralysed by a floating eye for 2 turns
 53395 | D:15     | Paralysed by a floating eye for 2 turns
 53401 | D:15     | Paralysed by a floating eye for 4 turns
 53455 | D:15     | Reached XP level 19. HP: 125/125 MP: 24/29
 53558 | Arena    | Entered the Arena
 54012 | Depths:1 | Found Anylidax's Distillery.
 54066 | Depths:1 | Bought a potion of curing for 69 gold pieces
 54066 | Depths:1 | Bought a potion of heal wounds for 115 gold pieces
 54066 | Depths:1 | Bought a potion of curing for 69 gold pieces
 54066 | Depths:1 | Bought a potion of haste for 230 gold pieces
 54268 | Depths:1 | Received a gift from Okawaru
 54316 | Depths:1 | Found a one-way gate leading to the halls of Pandemonium.
 54327 | Depths:1 | Found a runed translucent door.
 54327 | Depths:1 | Noticed turdburglar's ghost (adept MiGl)
 54483 | Depths:1 | Found Kapnoewo's Serpentskin Sales.
 54670 | Depths:1 | Found a gateway to Hell.
 54779 | Depths:1 | Found a one-way gate to the infinite horrors of the Abyss.
 55146 | Depths:2 | Noticed a caustic shrike
 55180 | Depths:1 | Killed a caustic shrike
 55618 | Depths:2 | Noticed a golden dragon
 55695 | Depths:1 | Killed a golden dragon
 55773 | Depths:2 | Noticed a golden dragon
 55796 | Depths:2 | Killed a golden dragon
 56105 | Depths:2 | Reached skill level 21 in Maces & Flails
 56198 | Depths:2 | Noticed a golden dragon
 56226 | Depths:2 | Killed a golden dragon
 56361 | Vaults:1 | Entered Level 1 of the Vaults
 56435 | Vaults:1 | Received a gift from Okawaru
 56502 | Vaults:1 | Reached XP level 20. HP: 132/132 MP: 30/30
 56678 | Vaults:1 | You are sucked into a shaft and drop 1 floor!
 56768 | Arena    | Entered the Arena
 56901 | Vaults:2 | Noticed Nikola
 56915 | Vaults:2 | Killed Nikola
 57054 | Vaults:2 | Found a staircase to the Crypt.
 57054 | Vaults:2 | Found a basalt altar of Yredelemnul.
 57054 | Vaults:2 | Found an ancient bone altar of Kikubaaqudgha.
 57098 | Vaults:2 | Identified the +9 chain mail of Wetuuxy {rPois rN+}
                  | (Okawaru gifted it to you on level 2 of the Vaults)
 57098 | Vaults:2 | Received a gift from Okawaru
 57341 | Vaults:2 | Noticed Donald
 57343 | Arena    | Entered the Arena
 57382 | Vaults:2 | Killed Donald
 57599 | Vaults:1 | Reached skill level 15 in Invocations
 57797 | Depths:1 | Bought a potion of cancellation for 184 gold pieces
 57797 | Depths:1 | Bought a potion of cancellation for 184 gold pieces
 58142 | Vaults:1 | Got the Atlas of Warped Grit
 58319 | Vaults:1 | Reached skill level 22 in Maces & Flails
 58688 | Vaults:1 | Reached XP level 21. HP: 128/140 MP: 32/32
 59240 | Vaults:2 | Received a gift from Okawaru
 59488 | Vaults:2 | Paralysed by a floating eye for 4 turns
 59773 | Vaults:2 | Identified the -2 helmet "Weanoil" {rN+ rCorr}
 60025 | Arena    | Entered the Arena
 60486 | Vaults:3 | Received a gift from Okawaru
 60990 | Vaults:3 | Noticed a dread lich
 61021 | Vaults:3 | Gained mutation: You occasionally lose the ability to read
                  | scrolls when taking damage. [a cacodemon]
 61022 | Vaults:3 | Killed a dread lich
 61281 | Vaults:3 | Identified the +0 tower shield of Watchfulness {Int+3
                  | Dex+3} (Okawaru gifted it to you on level 3 of the Vaults)
 61281 | Vaults:3 | Received a gift from Okawaru
 61302 | Vaults:3 | Reached skill level 23 in Maces & Flails
 61348 | Vaults:3 | Reached XP level 22. HP: 134/147 MP: 34/34
 62165 | Arena    | Entered the Arena
 62450 | Vaults:4 | Noticed Margery
 62472 | Vaults:4 | Killed Margery
 62533 | Vaults:4 | Found Zeffigev's Book Shop.
 64036 | Depths:2 | Identified the +3 chain mail of Xuell {Will+}
 64170 | Depths:2 | Found a shimmering blue altar of Sif Muna.
 64315 | Depths:3 | You are sucked into a shaft and drop 1 floor!
 64315 | Depths:4 | Entered Level 4 of the Depths
 64329 | Depths:4 | Identified the +7 chain mail of Cecut {rElec rC+}
 64428 | Depths:4 | Noticed a golden dragon
 64472 | Depths:4 | Killed a golden dragon
 64900 | Depths:3 | Found an opulent altar of Gozag.
 65003 | Depths:3 | Noticed Grunn
 65020 | Arena    | Entered the Arena
 65465 | Depths:3 | Reached XP level 23. HP: 153/153 MP: 35/35
 65578 | Depths:3 | Reached skill level 24 in Maces & Flails
 65608 | Depths:3 | Paralysed by a floating eye for 2 turns
 65643 | Depths:3 | Paralysed by a floating eye for 4 turns
 65653 | Depths:3 | Paralysed by a floating eye for 3 turns
 65660 | Depths:3 | Noticed a golden dragon
 65661 | Arena    | Entered the Arena
 65686 | Depths:3 | Noticed a juggernaut
 65692 | Depths:3 | Found a shadowy altar of Dithmenos.
 65713 | Depths:3 | HP: 4/155 [Grunn/+6 glaive of draining (19)]
 65715 | Depths:3 | Noticed a golden dragon
 65728 | Depths:3 | Identified the +1 mace "Ciakid" {vorpal, rC+ rN+}
 65910 | Depths:2 | Received a gift from Okawaru
 66041 | Depths:2 | Identified the +5 plate armour of the Echidna {rElec rPois
                  | Str-3} (Okawaru gifted it to you on level 2 of the Depths)
 66041 | Depths:2 | Received a gift from Okawaru
 66101 | Depths:3 | Killed a juggernaut
 66522 | Depths:3 | Noticed a golden dragon
 66530 | Depths:3 | Killed a golden dragon
 66790 | Depths:3 | Found a basalt altar of Yredelemnul.
 66808 | Depths:3 | Killed a golden dragon
 67015 | Depths:3 | Killed a golden dragon
 67039 | Depths:3 | Found a one-way gateway to a ziggurat.
 67171 | Depths:3 | Killed Grunn
 67312 | Depths:3 | Found a shimmering altar of Xom.
 67979 | Depths:4 | Found a shadowy altar of Dithmenos.
 68756 | Depths:4 | Found a gate to the Realm of Zot.
 69416 | Vaults:5 | Entered Level 5 of the Vaults
 69447 | Vaults:5 | Noticed an ancient lich
 69486 | Vaults:4 | Identified the +10 crystal plate armour "Ytachu" {rElec
                  | Dex+4} (Okawaru gifted it to you on level 4 of the Vaults)
 69486 | Vaults:4 | Received a gift from Okawaru
 69749 | Arena    | Entered the Arena
 69790 | Vaults:4 | Reached XP level 24. HP: 110/162 MP: 34/35
 69966 | Arena    | Entered the Arena
 70352 | Vaults:5 | Identified the +1 quarterstaff "Hotso" {freeze, Int-2
                  | Dex+4}
 71136 | Vaults:4 | Killed from afar by an ancient lich

Illustrated notes

Levels and vault maps discovered:
D:1:      dpeg_arrival_snail, layout_loops_ring, minivault_27,
          nrook_loot_triangle
D:2:      layout_loops_corners, shapermc_ecumenical_altar_venn,
          dk_noncrumbling_2, minmay_misc_feat_alley,
          minmay_misc_feat_secret_circle, grunt_ministairs_8
D:3:      layout_rooms
D:4:      layout_loops_ring, general_overflow_altar, uniq_grinder
D:5:      layout_loops_ring, nicolae_overflow_hidden_temple,
          mainiacjoe_overflow_six_doors_small,
          mainiacjoe_overflow_cross_hatched, ebering_ghost_inner_flame
D:6:      layout_cave_pools, mainiacjoe_overflow_catwalk,
          minmay_temple_entry_butterflies, uniq_edmund, uniq_pikel
D:7:      layout_rooms, vehumet_altar_wand_db
D:8:      layout_rooms, kennysheep_mini_moat, lemuel_tele_altar, serial_shops,
          kennysheep_little_box, serial_rivers, chequers_serial_rivers_micro_a,
          chequers_serial_rivers_small_b, chequers_serial_rivers_micro_a,
          chequers_serial_rivers_small_a, chequers_serial_rivers_micro_c,
          lightli_bailey_entry_fortress
D:9:      layout_irregular_city, lair_entry_dummy, nicolae_specific_store
D:10:     layout_cave_pools
D:11:     layout_roguey
D:12:     layout_stronghold, hiddenorc2_lemuel, gauntlet_entry_generic,
          uniq_nergalle
D:13:     layout_irregular_city
D:14:     wad_pebble_path, layout_loops_ring, david_vaults_3, hex_medium,
          eino_house_with_fridge
D:15:     grunt_enter_depths_giant_problem, layout_basic, nrook_mini_backslash,
          serial_glass, glass_columns_c, glass_columns_b, uniq_roxanne,
          uniq_louise, uniq_agnes
Temple:   nicolae_temple_two_arcs
Lair:1:   layout_roguey, grunt_megastairs_3, infiniplex_staircase_pool_2
Lair:2:   layout_gridlike, uniq_sonja
Lair:3:   layout_cave_pods, palyth_hydra_swamp_entry, dummy_snake_entry
Lair:4:   layout_layer_cave, slime_entry_1, lemuel_fruit_fields
Lair:5:   guppyfry_lair_end_dragon, layout_loops_ring,
          hangedman_lair_tendril_chambers, basic_altar, uniq_snorg
Swamp:1:  layout_basic_swamp, evilmike_swamp_ruin_house_4, swamp_pool2,
          nicolae_swamp_bunyip_nook
Swamp:2:  layout_falls_marsh, evilmike_swamp_ruin_house_1
Swamp:3:  layout_basic_swamp, nicolae_swamp_ascending_descending, swamp_pool1,
          hangedman_swamp_cone, nzn_swamp_dancing_lights, uniq_mara
Swamp:4:  swamp_vile, layout_basic_swamp, swamp_pool3
Snake:1:  layout_misc_corridors, grunt_megastairs_2, uniq_josephine
Snake:2:  layout_onion, st_stairs_2, nicolae_triple_integral, minmay_shoptagon
Snake:3:  layout_misc_corridors, uniq_aizul
Snake:4:  johnstein_snake_rune_scales, layout_onion_interference, drop_trap,
          lemuel_fruit_tree
Orc:1:    layout_caves, basic_altar
Orc:2:    grunt_orc_gardens, layout_caves, grunt_orc_garden, grunt_orc_garden,
          grunt_orc_garden, grunt_orc_garden, serial_shops,
          nicolae_shop_crystal, uniq_urug
Vaults:1: ontoclasm_vaults_tryst, vaults_standard_mumra_x,
          nicolae_vaults_hallways_thing, vaults_mumra_chevron_long, v_pattern_5,
          nicolae_vaults_diagonal_hallway_6, layout_vaults_omnigrid
Vaults:2: nicolae_vaults_network_star, st_greater_box_4,
          nicolae_vaults_yaktaur_gun_rack, vaults_mumra_chevron,
          vaults_mumra_hex, vaults_mumra_hexcomb, minmay_crypt_entry_necro_gods,
          ontoclasm_vaults_loading_screen, nicolae_vaults_mini_display_case,
          layout_vaults_maze_snakey, uniq_donald, uniq_nikola
Vaults:3: mu_enter_wizlab_6, nicolae_vaults_specimen_jars, dpeg_vaults_waves,
          serial_ice_m, v_pattern_3, nicolae_vaults_puzzle_piece,
          ontoclasm_vaults_decontamination, ontoclasm_vaults_spin, v_rooms_1,
          nicolae_vaults_network_square, nicolae_vaults_alarming,
          ontoclasm_vaults_fault, nicolae_vaults_little_squares_4,
          grunt_vaults_hallway_short, vaults_room_hallway,
          nicolae_vaults_shelves_hall, layout_vaults_omnibox
Vaults:4: hangedman_vaults_nodes, vaults_dpeg_ring, hangedman_vaults_cutoff,
          nicolae_vaults_circle_grid_a, nicolae_vaults_shelves_hall,
          hangedman_vaults_stretched_pinwheel, v_misc_2,
          ontoclasm_vaults_ring_small, nicolae_vaults_asterisk,
          nicolae_vaults_theta, nicolae_vaults_ring_of_whatevers, v_misc_13,
          layout_vaults_big_room, serial_shops, nicolae_shop_advertising_works
          [nicolae_subvault_shop_adworks], uniq_margery
Vaults:5: serial_shops, uniq_sojobo
Depths:1: layout_cave_pools, marbit_kobold_abyss_entry,
          hellmonk_ghost_happy_afterlife, pan_entry, serial_shops,
          nicolae_shop_crystal, pf_hell_entry_great_geh,
          serial_sigils_hangedman_scratch, minivault_16, guppyfry_shop_venom
Depths:2: minmay_crescents, layout_basic, led_sif_pool, rand_demon_pan_entry_8,
          hell_entry
Depths:3: grunt_profane_halls [grunt_profane_temple_geh,
          grunt_profane_temple_coc, grunt_profane_temple_dis,
          grunt_profane_temple_tar, grunt_profane_loot], hell_entry,
          abyss_entry, uniq_grunn
Depths:4: grunt_zot_entry_gee_three, layout_long_grid, grunt_mini_vestibule,
          serial_rivers, chequers_serial_rivers_room_a,
          chequers_serial_rivers_micro_e, chequers_serial_rivers_small_b,
          chequers_serial_rivers_micro_d, lemuel_crystal_altar

Skill      XL: |  1  2  3  4  5  6  7  8  9 10 11 12 13 14 15 16 17 18 19 20 21 22 23 |
---------------+----------------------------------------------------------------------+-----
Maces & Flails | 3 4 5 7 9 10 11 13 14 15 16 18 19 20 21 22 23 24 | 24.9
Fighting       | 4 5 6 7 8 9 10 11 12 13 14 15 16 17 18 19 | 19.7
Armour         | 4 5 6 7 8 9 10 11 12 13 14 15 16 17 18 19 | 19.8
Shields        | 4 5 6 7 8 9 10 11 12 13 14 15 16 17 18 19 | 19.8
Invocations    | 2 5 7 8 9 11 12 13 14 15 16 17 | 17.9

Action                   |  1- 3 |  4- 6 |  7- 9 | 10-12 | 13-15 | 16-18 | 19-21 | 22-24 || total
-------------------------+-------+-------+-------+-------+-------+-------+-------+-------++-------
Melee: Flail             |   113 |   184 |   431 |   640 |       |       |       |       ||  1368
       Morningstar       |       |       |       |   376 |  1638 |  1889 |  2066 |  1604 ||  7573
       Demon whip        |       |       |       |       |       |       |       |    88 ||    88
Throw: Dart              |       |       |       |     1 |     1 |     1 |     1 |       ||     4
       Throwing net      |       |       |       |     1 |       |       |       |       ||     1
Invok: Heroism           |       |       |       |    23 |    32 |    43 |    28 |    24 ||   150
       Finesse           |       |       |       |     4 |    10 |    12 |    12 |     4 ||    42
       Duel              |       |       |       |       |       |     2 |     4 |     5 ||    11
Evoke: Wand              |       |       |       |    21 |    10 |    26 |    10 |     8 ||    75
       Lightning rod     |       |       |       |       |       |     6 |     5 |     1 ||    12
       Condenser vane    |       |       |       |       |       |     2 |     5 |     3 ||    10
  Use: Scroll            |     3 |     1 |     1 |    13 |    24 |     9 |     8 |    25 ||    84
       Potion            |       |     1 |     1 |     4 |     8 |     6 |    11 |    10 ||    41
 Stab: Invisible         |       |       |       |       |     4 |       |     5 |       ||     9
       Confused          |       |       |       |       |     1 |       |     6 |     4 ||    11
       Distracted        |       |       |       |       |       |     3 |       |       ||     3
Armor: Chain mail        |    67 |       |       |       |       |       |       |       ||    67
       Robe              |     1 |    62 |       |       |       |       |       |       ||    63
       Plate armour      |       |   116 |   284 |   886 |  1077 |   908 |   927 |   760 ||  4958
       Skin              |       |       |       |       |     7 |    15 |    39 |       ||    61
       Gold dragon scale |       |       |       |       |       |       |       |   251 ||   251
Dodge: Dodged            |    47 |    96 |   117 |   268 |   373 |   294 |   326 |   343 ||  1864
Block: Buckler           |    21 |    61 |   124 |   335 |   554 |       |       |       ||  1095
       Kite shield       |       |       |       |       |    43 |       |       |       ||    43
       Tower shield      |       |       |       |       |     9 |  1923 |  2382 |  2300 ||  6614
       Reflection        |       |       |       |       |       |    23 |    93 |    46 ||   162
